 Dungeon Crawl Stone Soup version 0.30.1-4-g462c640d31 (webtiles) character file.

Game seed: 9500139002504586472

61 booth the Chopper (level 3, 0/28 HPs)
             Began as a Demonspawn Gladiator on Aug 20, 2023.
             Succumbed to an adder's poison
             ... on level 2 of the Dungeon.
             The game lasted 00:05:24 (1103 turns).

booth the Chopper (Demonspawn Gladiator)            Turns: 1103, Time: 00:05:25

Health: 0/28       AC:  4    Str: 16    XL:     3   Next: 83%
Magic:  3/4        EV: 12    Int:  9    God:
Gold:   73         SH:  0    Dex: 14    Spells: 3/3 levels left

rFire   . . .        a - +0 war axe
rCold   x . .        (no shield)
rNeg    . . .        b - +0 leather armour
rPois   .            c - +0 helmet
rElec   .            (no cloak)
rCorr   .            (no gloves)
SInv    .            (no boots)
Will    +....        (no amulet)
Stlth   +            (no ring)
HPRegen 0.24/turn    (no ring)
MPRegen 0.09/turn

%: no passive effects
@: lethally poisoned (0 -> -2)
A: spiny 1, strong-willed 1, cold vulnerability 1
a: no special abilities


You were on level 2 of the Dungeon.
You visited 1 branch of the dungeon, and saw 2 of its levels.

You collected 73 gold pieces.

Inventory:

Hand Weapons
 a - a +0 war axe (weapon)
 j - a +0 mace
Missiles
 d - 3 throwing nets (quivered)
 e - a javelin
Armour
 b - a +0 leather armour (worn)
 c - a +0 helmet (worn)
Scrolls
 h - a scroll of identify {unknown}


   Skills:
 + Level 2.5 Fighting
 * Level 3.3 Axes
 + Level 2.2 Throwing
 + Level 3.1 Dodging
 + Level 0.7 Spellcasting


You had 3 spell levels left.
You didn't know any spells.
Your spell library contained the following spells:

 Spells                   Type           Power      Damage    Failure   Level
 Dazzling Flash           Conj/Hex       0%         N/A       80%         3
 Ignite Poison            Fire/Tmut/Pois 0%         N/A       80%         3
 Volatile Blastmotes      Fire/Tloc      0%         2d10      80%         3
 Iskenderun's Mystic Bla  Conj/Tloc      0%         2d3       99%         4
 Sticky Flame             Conj/Fire      0%         2d3       99%         4
 Starburst                Conj/Fire      0%         6d3       100%        6
 Ignition                 Fire           0%         3d3       100%        8


Dungeon Overview and Level Annotations

Branches:
Dungeon (2/15)

Altars:

Shops:
D:1 (


Innate Abilities, Weirdness & Mutations

You are partially covered in sharp spines.
You are strong-willed. (Will+)
You are vulnerable to cold. (rC-)


Message History

You are more poisoned.
The adder poisons you! The adder is struck by your spines. The adder bites you.
You slash the adder!
You kill the adder!
You feel very sick. The adder is struck by your spines.
The adder bites you but does no damage.
You closely miss the adder.
The adder is moderately wounded.
You feel very sick. The adder is struck by your spines. The adder bites you.
You are lethally poisoned!
The adder poisons you!
You barely miss the adder.
The adder is heavily wounded.
* * * LOW HITPOINT WARNING * * *
You feel very sick. The adder closely misses you.
The adder bites you but does no damage. The adder attacks as you move away!
The adder closely misses you.
* * * LOW HITPOINT WARNING * * *
You feel sick.
You closely miss the adder.
The adder is heavily wounded.
* * * LOW HITPOINT WARNING * * *
You feel sick. The adder closely misses you.
The ball python is struck by your spines.
You kill the ball python!
You miss the adder.
The adder is heavily wounded.
* * * LOW HITPOINT WARNING * * *
You feel sick. The adder misses you. The adder is struck by your spines.
The adder barely misses you.
It was a potion of resistance.
You feel protected.
* * * LOW HITPOINT WARNING * * *
You feel sick. The adder misses you.
It was a potion of cancellation.
Your magical effects are unravelling.
You feel magically purged.
Your resistance to elements expires.
You die...

#
#.......#
#.# #
#.#####.#
#.# # #.#
#.# ####.#
#.# .....#
#.# ####.#
#.# # #.#
#.# # #.#
...#####S#
. #..
.......†@#
# ###
...#######


You could see an adder.

Vanquished Creatures
  2 adders (D:2)
  3 dart slugs
  An endoplasm (D:1)
  2 goblins
  7 hobgoblins
  3 jackals (D:1)
  4 kobolds
  2 quokkas (D:1)
  4 ball pythons
  2 bats (D:1)
  3 frilled lizards
  4 rats
37 creatures vanquished.

Notes
Turn   | Place    | Note
-------+----------+-------------------------------------------
     0 | D:1      | booth the Demonspawn Gladiator began the quest for the Orb.
     0 | D:1      | Reached XP level 1. HP: 16/16 MP: 1/1
   278 | D:1      | Gained mutation: You are partially covered in sharp spines.
                  | [demonic ancestry]
   278 | D:1      | Reached XP level 2. HP: 21/22 MP: 2/2
   446 | D:1      | Found Nuofaw's Weapon Boutique.
   511 | D:1      | You fall into a shaft and drop 1 floor!
   751 | D:1      | Reached XP level 3. HP: 22/28 MP: 3/3
   877 | D:1      | Gained mutation: You are vulnerable to cold. (rC-) [potion
                  | of mutation]
   877 | D:1      | Gained mutation: You are strong-willed. (Will+) [potion of
                  | mutation]
  1102 | D:2      | HP: 1/28 [poisoned by an adder]
  1103 | D:2      | Succumbed to an adder's poison

Illustrated notes

Levels and vault maps discovered:
D:1:      dpeg_arrival_water_temple_mockup, layout_basic, serial_shops,
          nicolae_lakefront_shop, minmay_misc_feat_more_columns,
          minmay_pentomino_r2
D:2:      layout_loops_ring, uniq_crazy_yiuf_cottage

Skill      XL: |  1  2  3 |
---------------+----------+-----
Throwing       | 2 |  2.2
Axes           | 3 |  3.3
Dodging        | 3 |  3.1
Fighting       | |  2.5
Spellcasting   | |  0.7

Action                     || total
---------------------------++-------
  Melee: War axe           ||    69
         Punch             ||     1
    Use: Potion            ||     4
 Armour: Leather armour    ||    20
  Dodge: Dodged            ||    43
